[Event "Friday 19 January Rapid Engine Tour 12+1 Rounds 9 Starts 1600 ST"]
[Site "Infinity Chess"]
[Date "2018.1.19"]
[Round "4"]
[White "Marsell"]
[Black "Dovahkiin"]
[Result "1/2-1/2"]
[ECO "C10"]
[WhiteElo "2494"]
[BlackElo "2442"]
[WhiteEngine "asmFishW_2018-01-11_popcnt"]
[BlackEngine "BrainFish_180113_x64_modern_CTG"]
[EventType "Swiss"]
[WhiteTeam ""]
[BlackTeam ""]
[PlyCount "111"]
[TimeControl "720+1"]

1. e4 e6 2. d4 d5 3. Nc3 dxe4 4. Nxe4 Nd7 5. Nf3 Ngf6 6. Bd3 Nxe4 7. Bxe4 Nf6 
8. Bd3 c5 9. Be3 Qc7 10. Qe2 a6 11. O-O b6 12. c4 Be7 13. dxc5 Bxc5 
14. Bxc5 Qxc5 15. a3 Bb7 16. Ne5 a5 17. Rab1 O-O 18. b4 axb4 19. axb4 Qc7 
20. Rfe1 Rad8 21. Qe3 Nd7 22. Bf1 Nxe5 23. Qxe5 Qe7 24. Qb5 Qc7 25. Ra1 Rd7 
26. Qe5 Qxe5 27. Rxe5 Rb8 28. f4 Kf8 29. g3 h6 30. Rb5 Bc6 31. Re5 Rd4 
32. Ra6 Bd7 33. b5 Bc8 34. Ra1 Ke7 35. Ra7+ Rd7 36. Ra3 Bb7 37. f5 Rd4 
38. fxe6 Kd6 39. Re2 fxe6 40. Rf2 Rc8 41. Rf7 Rc7 42. Rf8 Kc5 43. Re3 Re7 
44. Re5+ Kd6 45. Re2 e5 46. Ref2 Kc7 47. R2f7 Rxf7 48. Rxf7+ Rd7 49. Rf8 Rd8 
50. Rf5 Kd6 51. Rf7 Rd7 52. Rf8 Ke7 53. Rb8 Kd6 54. Rf8 Ke7 55. Rb8 Kd6 56. Rf8 
1/2-1/2

[Event "Friday 19 January Rapid Engine Tour 12+1 Rounds 9 Starts 1600 ST"]
[Site "Infinity Chess"]
[Date "2018.1.19"]
[Round "4"]
[White "MGR"]
[Black "Vimtiroba"]
[Result "1/2-1/2"]
[ECO "C50"]
[WhiteElo "2473"]
[BlackElo "2497"]
[WhiteEngine "asmFishW_2017-11-19_bmi2"]
[BlackEngine "SF@Infinity_CTG"]
[EventType "Swiss"]
[WhiteTeam ""]
[BlackTeam ""]
[PlyCount "149"]
[TimeControl "720+1"]

1. e4 e5 2. Nf3 Nc6 3. Bc4 Bc5 4. O-O Nf6 5. d3 a6 6. Re1 O-O 7. a4 h6 8. c3 d6 
9. Na3 Ne7 10. a5 Ng6 11. Nc2 Ba7 12. Be3 Bb8 13. Nd2 Re8 14. g3 Bg4 15. f3 Bh3 
16. Bb3 c6 17. Bb6 Bc7 18. Nc4 Rc8 19. d4 exd4 20. Bxc7 Rxc7 21. Qxd4 Be6 
22. N2e3 Rce7 23. Rad1 Ne5 24. Kf2 Bxc4 25. Nxc4 Nxc4 26. Bxc4 Qxa5 27. Qxd6 Rd7 
28. Qb4 Qc7 29. Bf1 Red8 30. Rxd7 Rxd7 31. Qc5 a5 32. Be2 Qd8 33. Rb1 Nh7 
34. Ke1 Ng5 35. Qe3 a4 36. f4 Ne6 37. Rd1 Rxd1+ 38. Bxd1 b5 39. h4 Qe7 
40. Kf2 a3 41. bxa3 Qxa3 42. Bf3 b4 43. cxb4 Qxb4 44. e5 c5 45. Kg2 g6 
46. h5 gxh5 47. Bxh5 Qb1 48. Qe2 Nd4 49. Qg4+ Kh7 50. Qd7 Qa2+ 51. Kh3 Qe6+ 
52. Qxe6 fxe6 53. Kg2 c4 54. Kf2 Kg7 55. g4 c3 56. Ke3 c2 57. Kd2 c1=Q+ 
58. Kxc1 Ne2+ 59. Kd1 Nxf4 60. Kd2 Nd5 61. Be8 Kf8 62. Bb5 Kf7 63. Bd3 Ne7 
64. Ke3 Nd5+ 65. Kd2 Nf4 66. Bc2 Kg7 67. Be4 Nd5 68. Bxd5 exd5 69. Kc2 Kf7 
70. Kc3 Ke7 71. Kd3 Kd7 72. Ke3 Ke7 73. Kd3 Kd7 74. Kc3 Ke7 75. Kd3 1/2-1/2

[Event "Friday 19 January Rapid Engine Tour 12+1 Rounds 9 Starts 1600 ST"]
[Site "Infinity Chess"]
[Date "2018.1.19"]
[Round "4"]
[White "Neoxium"]
[Black "xeonrocks"]
[Result "1/2-1/2"]
[ECO "A05"]
[WhiteElo "2495"]
[BlackElo "2546"]
[WhiteEngine "SF SL FA-IDeA"]
[BlackEngine "asmFishW_CTG"]
[EventType "Swiss"]
[WhiteTeam ""]
[BlackTeam ""]
[PlyCount "100"]
[TimeControl "720+1"]

1. Nf3 Nf6 2. c4 e6 3. Nc3 d5 4. d4 c6 5. e3 Nbd7 6. Bd3 dxc4 7. Bxc4 b5 
8. Be2 Bb7 9. O-O Be7 10. e4 b4 11. e5 bxc3 12. exf6 Bxf6 13. bxc3 c5 
14. dxc5 O-O 15. Rb1 Bd5 16. Ba3 Be7 17. Qc1 Qc7 18. Rd1 Bxa2 19. Rb2 Bd5 
20. c4 Bxf3 21. Bxf3 Rab8 22. Rxb8 Nxb8 23. Bb2 Qxc5 24. Bd4 Qc7 25. Qc3 g6 
26. Be5 Qc8 27. Bf4 Re8 28. h4 Nc6 29. h5 e5 30. hxg6 hxg6 31. Bxc6 Qxc6 
32. Bxe5 a5 33. Qxa5 Qxc4 34. Qd5 Qxd5 35. Rxd5 Rc8 36. Kh2 Rc6 37. Rd7 Kf8 
38. Rb7 f5 39. Bd4 Bd6+ 40. g3 Rc2 41. Kh3 Be7 42. f3 Rc4 43. Be5 g5 44. Kg2 Ke8 
45. Kh3 Kf7 46. Bd6 g4+ 47. Kg2 gxf3+ 48. Kxf3 Re4 49. g4 Rxg4 50. Rxe7+ Kf6 
1/2-1/2

[Event "Friday 19 January Rapid Engine Tour 12+1 Rounds 9 Starts 1600 ST"]
[Site "Infinity Chess"]
[Date "2018.1.19"]
[Round "3"]
[White "OlivierEvan"]
[Black "Thinker"]
[Result "1/2-1/2"]
[ECO "C50"]
[WhiteElo "2374"]
[BlackElo "2443"]
[WhiteEngine "Houdini 6"]
[BlackEngine "BrainFish_180113_x64_modern_CTG"]
[EventType "Swiss"]
[WhiteTeam ""]
[BlackTeam ""]
[PlyCount "132"]
[TimeControl "720+1"]

1. e4 e5 2. Nf3 Nc6 3. Bc4 Bc5 4. O-O Nf6 5. d3 d6 6. c3 O-O 7. h3 a5 8. Nbd2 h6 
9. Re1 Bb6 10. a4 Be6 11. Bxe6 fxe6 12. Nc4 Bc5 13. Be3 Bxe3 14. Rxe3 Qd7 
15. Rc1 Rf7 16. d4 exd4 17. cxd4 Nb4 18. b3 Na2 19. Rc2 Nb4 20. Rd2 Qc6 
21. Qe2 b5 22. Nb2 Rb8 23. axb5 Qxb5 24. Qd1 Qc6 25. Qb1 Nh5 26. Kh2 Rbf8 
27. Nd3 Qb5 28. Qd1 Nf6 29. Kg1 Re8 30. Nb2 Qh5 31. Na4 Qg6 32. Nc3 Nh5 
33. Ne2 Ref8 34. Kh2 Nf6 35. Ng3 Nh7 36. Qe1 Qf6 37. Qa1 Ra8 38. Kh1 Ng5 
39. Nh2 Rff8 40. Kg1 Qg6 41. Qe1 Rf7 42. f3 h5 43. h4 Nh7 44. Rc3 Qh6 45. e5 Nd5 
46. Rc6 Nb4 47. Rc1 g5 48. Ne4 gxh4 49. Qxh4 Rg7 50. Nf1 Rf8 51. exd6 cxd6 
52. Nxd6 Rxf3 53. Rc8+ Rf8 54. Rxf8+ Nxf8 55. Ne4 Nd5 56. Kh1 Rg4 57. Qe1 Qg6 
58. Nc5 Qf6 59. Nh2 Rxd4 60. Rxd4 Qxd4 61. Nxe6 Qc3 62. Qxc3 Nxc3 63. Nd8 Kg7 
64. g4 hxg4 65. Nxg4 a4 66. bxa4 Nxa4 1/2-1/2

[Event "Friday 19 January Rapid Engine Tour 12+1 Rounds 9 Starts 1600 ST"]
[Site "Infinity Chess"]
[Date "2018.1.19"]
[Round "3"]
[White "ocirema"]
[Black "Boggyman"]
[Result "1/2-1/2"]
[ECO "C77"]
[WhiteElo "2428"]
[BlackElo "2486"]
[WhiteEngine "stockfish_18011309_x64_modern_CTG"]
[BlackEngine "Raubfisch ME262_GTZ16b3._CTG"]
[EventType "Swiss"]
[WhiteTeam ""]
[BlackTeam ""]
[PlyCount "80"]
[TimeControl "720+1"]

1. e4 e5 2. Nf3 Nc6 3. Bb5 a6 4. Ba4 Nf6 5. O-O Be7 6. Re1 b5 7. Bb3 O-O 
8. a4 b4 9. d4 d6 10. dxe5 Nxe5 11. Nxe5 dxe5 12. Qe2 a5 13. Bg5 Qd4 14. c3 Qb6 
15. Bc4 Rb8 16. Be3 Qc6 17. f3 Nh5 18. g3 Qg6 19. Qg2 Rd8 20. cxb4 Bxb4 
21. Rc1 Ba6 22. Bxa6 Qxa6 23. Na3 Bxa3 24. Rxa3 g6 25. Rac3 Ng7 26. Rxc7 Ne6 
27. R7c2 Qb7 28. Qf2 Qb3 29. Bd2 Qxa4 30. Bc3 Qb5 31. Qf1 a4 32. Qxb5 Rxb5 
33. Ra1 Nd4 34. Rf2 Ra8 35. f4 f6 36. fxe5 fxe5 37. Rd1 Rd8 38. Ra1 Ra8 
39. Rd1 Rd8 40. Ra1 Ra8 1/2-1/2

[Event "Friday 19 January Rapid Engine Tour 12+1 Rounds 9 Starts 1600 ST"]
[Site "Infinity Chess"]
[Date "2018.1.19"]
[Round "3"]
[White "Wolle"]
[Black "Katzenmaier"]
[Result "1/2-1/2 "]
[ECO "C53"]
[WhiteElo "2445"]
[BlackElo "2483"]
[WhiteEngine "Raubfisch X37a2_CTG"]
[BlackEngine "S_XPrO.251117.x64.POPCNT_CTG"]
[EventType "Swiss"]
[WhiteTeam ""]
[BlackTeam ""]
[PlyCount "173"]
[TimeControl "720+1"]

1. e4 e5 2. Nf3 Nc6 3. Bc4 Bc5 4. c3 Nf6 5. d3 d6 6. O-O O-O 7. Bg5 h6 8. Bh4 a6 
9. a4 g5 10. Bg3 Ba7 11. Nbd2 Nh7 12. h3 h5 13. Kh1 Kh8 14. b4 h4 15. Bh2 g4 
16. hxg4 Bxg4 17. b5 Na5 18. d4 Nxc4 19. Nxc4 Ng5 20. Qd3 h3 21. Nxg5 hxg2+ 
22. Kxg2 Qxg5 23. Rh1 Kg7 24. Qg3 f6 25. f3 Be6 26. Qxg5+ fxg5 27. Nxe5 dxe5 
28. Bxe5+ Kg6 29. bxa6 bxa6 30. Rh2 Rab8 31. Kg3 Rb3 32. Rah1 Kf7 33. Rh6 Bb6 
34. a5 Bxa5 35. d5 Bxd5 36. exd5 Bxc3 37. Bxc7 Bf6 38. Kg4 Rd3 39. Rh7+ Kg8 
40. Bd6 Rf7 41. Rxf7 Kxf7 42. Rh7+ Kg6 43. Rc7 Rd4+ 44. f4 Rxd5 45. Rc6 gxf4 
46. Bxf4 a5 47. Ra6 Kf7 48. Ra7+ Ke6 49. Ra6+ Kf7 50. Ra7+ Ke6 51. Ra6+ Ke7 
52. Ra8 a4 53. Rxa4 Rd4 54. Ra7+ Ke8 55. Ra8+ Kf7 56. Kf5 Rd5+ 57. Kg4 Ke7 
58. Ra4 Rd7 59. Re4+ Kf7 60. Ra4 Bg5 61. Kxg5 Rd8 62. Kf5 Rd7 63. Be5 Ke7 
64. Rg4 Kf7 65. Rh4 Re7 66. Bf6 Rd7 67. Rh7+ Ke8 68. Rh8+ Kf7 69. Ke5 Rd1 
70. Rh7+ Kg6 71. Rg7+ Kh6 72. Rg3 Kh5 73. Rg5+ Kh6 74. Rg2 Re1+ 75. Kf5 Rf1+ 
76. Ke6 Rf3 77. Ke5 Kh5 78. Ke6 Kh6 79. Rg1 Kh5 80. Kf7 Rf5 81. Ke6 Rf3 
82. Ke5 Kh6 83. Bg7+ Kh5 84. Bf6 Kh6 85. Rg2 Rf1 86. Rh2+ Kg6 87. Rg2+ 1/2-1/2

[Event "Friday 19 January Rapid Engine Tour 12+1 Rounds 9 Starts 1600 ST"]
[Site "Infinity Chess"]
[Date "2018.1.19"]
[Round "3"]
[White "Vimtiroba"]
[Black "BraveDevil"]
[Result "1-0"]
[ECO "B50"]
[WhiteElo "2485"]
[BlackElo "2381"]
[WhiteEngine "SF@Infinity_CTG"]
[BlackEngine "Cryptic AIL V1"]
[EventType "Swiss"]
[WhiteTeam ""]
[BlackTeam ""]
[PlyCount "179"]
[TimeControl "720+1"]

1. e4 c5 2. Nf3 d6 3. Nc3 Nc6 4. d4 cxd4 5. Nxd4 Nf6 6. f3 e5 7. Nb3 Be7 
8. Be3 O-O 9. Qd2 a5 10. Bb5 Na7 11. Bxa7 Rxa7 12. Qe3 Ra8 13. O-O-O Ne8 
14. Kb1 Nc7 15. Nc1 Be6 16. a4 Rc8 17. N1e2 Bg5 18. Qg1 f5 19. exf5 Rxf5 
20. h4 Nxb5 21. Nxb5 Be7 22. Qe3 Qd7 23. Nec3 Rf4 24. b3 h5 25. Nd5 Bxd5 
26. Rxd5 Qe6 27. Rhd1 Qg6 28. R5d2 Rb4 29. Kb2 Rxh4 30. Qb6 e4 31. Kb1 Bg5 
32. Qxb7 Rc5 33. Rxd6 Bf6 34. Qb6 Rc8 35. Qa6 Rc5 36. Qa7 Rc8 37. Qd7 Rc5 
38. R6d5 Rxd5 39. Qxd5+ Kh7 40. Nd6 exf3 41. gxf3 Rf4 42. Ne4 Rf5 43. Qd3 h4 
44. Ka2 Be7 45. Rd2 Qf7 46. c4 g6 47. Qc2 Qe6 48. c5 Qc6 49. Qc3 Kg8 
50. Re2 Rxc5 51. Nxc5 Qxc5 52. Qxc5 Bxc5 53. Rh2 g5 54. Re2 Bd6 55. Rd2 Bb4 
56. Rd5 Kg7 57. Rxg5+ Kh6 58. f4 Be1 59. Kb2 Bb4 60. Kc2 Be1 61. Kd3 Bf2 
62. Ke2 Bb6 63. Kf3 h3 64. Kg3 h2 65. Kxh2 Bd8 66. Rd5 Bc7 67. Rd7 Bxf4+ 
68. Kg2 Be5 69. b4 axb4 70. a5 b3 71. a6 b2 72. Rb7 Bd4 73. Rxb2 Kg5 74. Rb4 Ba7 
75. Rb7 Bd4 76. a7 Bxa7 77. Rxa7 Kf6 78. Ra5 Ke6 79. Kf3 Kd6 80. Ke4 Kc6 
81. Rd5 Kb6 82. Kd4 Kc6 83. Kc4 Kb6 84. Rd6+ Kb7 85. Kb5 Kc7 86. Rd2 Kb7 
87. Rc2 Ka7 88. Kc6 Ka8 89. Kc7 Ka7 90. Ra2# 1-0

[Event "Friday 19 January Rapid Engine Tour 12+1 Rounds 9 Starts 1600 ST"]
[Site "Infinity Chess"]
[Date "2018.1.19"]
[Round "3"]
[White "Satria_Ungu"]
[Black "star99"]
[Result "1/2-1/2"]
[ECO "A05"]
[WhiteElo "2404"]
[BlackElo "2417"]
[WhiteEngine "Houdini 6"]
[BlackEngine "Cryptic AIL V1"]
[EventType "Swiss"]
[WhiteTeam ""]
[BlackTeam ""]
[PlyCount "117"]
[TimeControl "720+1"]

1. Nf3 Nf6 2. d4 d5 3. c4 e6 4. Nc3 c6 5. Bg5 h6 6. Bxf6 Qxf6 7. e3 Qd8 
8. Bd3 Be7 9. Qe2 O-O 10. Rc1 dxc4 11. Bxc4 b5 12. Bd3 Bb7 13. O-O Nd7 
14. Bb1 Rc8 15. a3 b4 16. axb4 Bxb4 17. Ne5 Nxe5 18. dxe5 Qa5 19. Qc4 Ba6 
20. Qe4 g6 21. Rfe1 Rb8 22. h4 Be7 23. h5 Rb4 24. Qxc6 Bb7 25. Qd7 Bh4 
26. hxg6 Qxe5 27. Re2 Qf6 28. Nd1 Qg5 29. f4 Qg4 30. gxf7+ Rxf7 31. Qd3 Rg7 
32. Rd2 Kf8 33. Qd6+ Be7 34. Qe5 Qh4 35. Nc3 Qg3 36. Qxe6 Bxg2 37. Ne2 Bh3+ 
38. Nxg3 Bxe6 39. Kh2 Rb5 40. f5 Bh4 41. fxe6 Bxg3+ 42. Kg1 Be1+ 43. Rg2 Rxg2+ 
44. Kxg2 Rxb2+ 45. Kf3 Bb4 46. Bf5 Be7 47. Bd3 h5 48. Ra1 h4 49. Rxa7 h3 
50. Ra5 h2 51. Rf5+ Kg7 52. Rf7+ Kg8 53. Rh7 Bd6 54. Bf5 Rb7 55. Kg2 Rxh7 
56. Bxh7+ Kxh7 57. e7 Bxe7 58. e4 Bd8 59. Kxh2 1/2-1/2

[Event "Friday 19 January Rapid Engine Tour 12+1 Rounds 9 Starts 1600 ST"]
[Site "Infinity Chess"]
[Date "2018.1.19"]
[Round "3"]
[White "CrapCleaner"]
[Black "NINJA_JENGKA"]
[Result "1/2-1/2"]
[ECO "C55"]
[WhiteElo "2450"]
[BlackElo "2430"]
[WhiteEngine "komodo-11.2.2-64bit_CTG"]
[BlackEngine "Houdini 6_CTG"]
[EventType "Swiss"]
[WhiteTeam ""]
[BlackTeam ""]
[PlyCount "214"]
[TimeControl "720+1"]

1. e4 e5 2. Nf3 Nc6 3. Bc4 Nf6 4. d3 Bc5 5. O-O O-O 6. c3 d6 7. Bg5 a6 8. a4 h6 
9. Bh4 g5 10. Bg3 Ba7 11. Nbd2 Kg7 12. Re1 g4 13. Nh4 Nh5 14. Nf1 Qg5 
15. Ne3 Bxe3 16. Rxe3 Ne7 17. d4 Nxg3 18. hxg3 Ng6 19. dxe5 Nxe5 20. Bd5 a5 
21. b4 Kg8 22. Re2 Rd8 23. Rd2 c6 24. Ba2 Qe7 25. Qc2 Be6 26. Bb3 Kh7 
27. Rad1 Rd7 28. Rd4 Kg7 29. R4d2 Kh7 30. Bd5 Kg8 31. Qa2 Kh7 32. Qb2 axb4 
33. cxb4 Rxa4 34. Bxe6 Qxe6 35. Nf5 d5 36. Qc2 Rxb4 37. exd5 Qf6 38. Re1 Rc4 
39. Qb1 Kh8 40. Ne3 Ra4 41. Rde2 Kg8 42. Qc2 Ra6 43. Qb3 Ra5 44. Qb2 Rb5 
45. Qa1 Rd6 46. Rd2 h5 47. Red1 Kg7 48. Rd4 Ng6 49. Qa3 Rd7 50. Qa4 Rb2 
51. Rf1 Kh7 52. Qd1 Rd8 53. Re4 Rb5 54. Qd3 Kg8 55. Rd4 Ra5 56. d6 Rd7 
57. Qd2 Ra2 58. Qb4 Nf8 59. Rdd1 Rb2 60. Qa3 Rb5 61. Rfe1 Re5 62. Re2 Ng6 
63. Red2 Qe6 64. Rd4 Rb5 65. Qd3 Ne5 66. Qc2 Kh8 67. Kh2 Qg6 68. Qd2 Qe6 
69. Ra1 Kh7 70. Ra8 Qf6 71. Re8 h4 72. Qc2+ Ng6 73. Rf4 Qxd6 74. Rf5 hxg3+ 
75. fxg3 Qb4 76. Qf2 Qb2 77. Qf1 Kg7 78. Qc4 Re5 79. Rexe5 Nxe5 80. Qe4 f6 
81. Rxe5 Qxe5 82. Qxg4+ Kf8 83. Qxd7 Qxe3 84. Qxb7 c5 85. Qc8+ Ke7 86. Qc7+ Ke6 
87. Qc6+ Kf7 88. Qd5+ Kg6 89. Qg8+ Kf5 90. Qc8+ Ke5 91. Qe8+ Kd4 92. Qd8+ Ke4 
93. Qxf6 c4 94. Qg6+ Kd5 95. Qf7+ Kd4 96. Qd7+ Kc3 97. g4 Qe5+ 98. g3 Qe1 
99. Qd6 Kb3 100. Qb6+ Kc2 101. Qg6+ Kc1 102. Qh6+ Kd1 103. Qd6+ Qd2+ 
104. Qxd2+ Kxd2 105. g5 c3 106. g6 c2 107. g7 c1=Q 1/2-1/2

[Event "Friday 19 January Rapid Engine Tour 12+1 Rounds 9 Starts 1600 ST"]
[Site "Infinity Chess"]
[Date "2018.1.19"]
[Round "3"]
[White "Deep SKY"]
[Black "Dinkelberger"]
[Result "1/2-1/2"]
[ECO "E15"]
[WhiteElo "2453"]
[BlackElo "2442"]
[WhiteEngine "BrainFish_180106_x64_CTG"]
[BlackEngine "stockfish_18011309_x64_modern_CTG"]
[EventType "Swiss"]
[WhiteTeam ""]
[BlackTeam ""]
[PlyCount "146"]
[TimeControl "720+1"]

1. d4 Nf6 2. c4 e6 3. Nf3 b6 4. g3 Ba6 5. b3 Bb4+ 6. Bd2 Be7 7. Bg2 c6 8. Bc1 d5 
9. O-O O-O 10. Nbd2 Nbd7 11. Bb2 c5 12. Rc1 Rc8 13. cxd5 Nxd5 14. a3 cxd4 
15. Rxc8 Qxc8 16. Nxd4 Bb7 17. Qb1 Qa8 18. Rc1 h6 19. b4 Bg5 20. N4b3 Bf6 
21. e4 Bxb2 22. Qxb2 Ne7 23. b5 Rd8 24. f3 a6 25. a4 Nc8 26. Nc4 axb5 
27. axb5 Na7 28. Nbd2 Qb8 29. Bf1 Qc7 30. Nb3 Qb8 31. Nd4 Ne5 32. Kf2 Nxc4 
33. Rxc4 Qe5 34. Qb4 Rd7 35. Be2 Qf6 36. Kg2 Qg5 37. h4 Qe3 38. Kf1 Nc8 
39. Nb3 h5 40. Rc2 Nd6 41. Rc3 Qh6 42. Qd4 Qg6 43. Qe5 Qf6 44. Qxf6 gxf6 
45. Bd3 f5 46. e5 Ne8 47. Be2 Kg7 48. Rc1 Nc7 49. Ke1 f4 50. gxf4 Nd5 
51. f5 exf5 52. Nd4 Ne3 53. e6 fxe6 54. Nxe6+ Kf6 55. Nf4 Rd4 56. Nxh5+ Kg6 
57. Rc7 Ba8 58. f4 Ng2+ 59. Kf2 Nxf4 60. Rg7+ Kh6 61. Ng3 Be4 62. Rf7 Kg6 
63. Rf8 Nxe2 64. Nxe2 Rb4 65. Nf4+ Kh7 66. Rf7+ Kg8 67. Rf6 Rxb5 68. h5 Rb3 
69. Rg6+ Kh8 70. Rh6+ Kg7 71. Rg6+ Kh8 72. Rh6+ Kg7 73. Rg6+ Kh8 1/2-1/2

[Event "Friday 19 January Rapid Engine Tour 12+1 Rounds 9 Starts 1600 ST"]
[Site "Infinity Chess"]
[Date "2018.1.19"]
[Round "3"]
[White "angriff"]
[Black "RonWeasley"]
[Result "1/2-1/2"]
[ECO "C12"]
[WhiteElo "2450"]
[BlackElo "2464"]
[WhiteEngine "Raubfisch ME262_GTZ16b2_CTG"]
[BlackEngine "BrainFish 130117_CTG"]
[EventType "Swiss"]
[WhiteTeam ""]
[BlackTeam ""]
[PlyCount "60"]
[TimeControl "720+1"]

1. e4 e6 2. d4 d5 3. Nc3 Nf6 4. Bg5 Bb4 5. e5 h6 6. exf6 hxg5 7. fxg7 Rg8 
8. a3 Be7 9. h4 gxh4 10. Qh5 Rxg7 11. Nf3 Nd7 12. O-O-O Rg8 13. Bd3 c6 
14. Rde1 Qc7 15. Rxe6 Nf6 16. Qe5 Qxe5 17. Rxe5 Rxg2 18. Nxh4 Rxf2 19. Nf5 Be6 
20. Rh8+ Bf8 21. Nd6+ Ke7 22. Nxb7 Re8 23. Na5 Kd6 24. Re1 Bg7 25. Nb7+ Ke7 
26. Rxe8+ Nxe8 27. Na5 Kd6 28. Nb7+ Ke7 29. Na5 Kd6 30. Nb7+ Ke7 1/2-1/2

[Event "Friday 19 January Rapid Engine Tour 12+1 Rounds 9 Starts 1600 ST"]
[Site "Infinity Chess"]
[Date "2018.1.19"]
[Round "3"]
[White "Neoxium"]
[Black "hafaba"]
[Result "1-0"]
[ECO "A40"]
[WhiteElo "2478"]
[BlackElo "2491"]
[WhiteEngine "SF SL FA-IDeA"]
[BlackEngine "Stockfish SL 07012018 POPCNT_CTG"]
[EventType "Swiss"]
[WhiteTeam ""]
[BlackTeam ""]
[PlyCount "243"]
[TimeControl "720+1"]

1. d4 c6 2. e4 d5 3. Nc3 dxe4 4. Nxe4 Bf5 5. Ng3 Bg6 6. Nf3 Nf6 7. h4 h6 
8. Ne5 Bh7 9. Bd3 Bxd3 10. Qxd3 e6 11. Bf4 Qa5+ 12. c3 Nbd7 13. Nc4 Qd8 
14. O-O-O b5 15. Ne3 Be7 16. Kb1 a5 17. Ne4 h5 18. c4 bxc4 19. Nxc4 Nd5 
20. Be5 Kf8 21. Qg3 N7f6 22. Ng5 Kg8 23. Rc1 a4 24. Nd6 Bxd6 25. Bxd6 Rc8 
26. Ba3 Nh7 27. Nf3 Nhf6 28. Rc2 Rh6 29. Ng5 Nh7 30. Qe5 Nxg5 31. hxg5 Rh8 
32. Rh3 Qc7 33. Qxc7 Rxc7 34. Bd6 Rc8 35. Rc4 Ra8 36. Rxc6 f6 37. gxf6 gxf6 
38. g3 Kf7 39. Rh1 Kg6 40. Bc5 Rhe8 41. Kc2 Kg5 42. Re1 Kf5 43. a3 Ra5 
44. Rd6 Raa8 45. Rc6 Ra5 46. Rd6 Raa8 47. Kd2 Nc7 48. Rh1 Kg6 49. Kc2 Rec8 
50. Kb1 Re8 51. Rc6 Nd5 52. Kc2 Ra5 53. Kc1 Kg5 54. Re1 Kf5 55. Re2 Raa8 
56. Kc2 Ra5 57. Kb1 Rb5 58. Ka1 Ra5 59. Kb1 Rb5 60. Kc2 Ra5 61. Re1 Raa8 
62. Rd6 Nc7 63. Re3 Rab8 64. Kc1 Nd5 65. Re1 Ra8 66. Kc2 Nc7 67. Kb1 Nd5 
68. Ka2 Rab8 69. Ra6 Ra8 70. Rexe6 Rxe6 71. Rxa8 Re2 72. Kb1 Re1+ 73. Kc2 Re2+ 
74. Kd3 Rxf2 75. Rxa4 Rxb2 76. Ra8 Nc7 77. Rh8 Ke6 78. Rxh5 Rg2 79. a4 Kd7 
80. Kc4 Rc2+ 81. Kb3 Rg2 82. a5 Kc6 83. Rf5 Nd5 84. Rf3 Kb5 85. a6 Kxa6 
86. Kc4 Nb6+ 87. Bxb6 Kxb6 88. Rxf6+ Kc7 89. Rg6 Kd8 90. g4 Ke7 91. Kd5 Ra2 
92. Re6+ Kd7 93. Re5 Rg2 94. Re4 Rg1 95. Ke5 Kd8 96. Kf5 Rf1+ 97. Rf4 Rh1 
98. g5 Ke7 99. Re4+ Kf7 100. d5 Rf1+ 101. Rf4 Rb1 102. g6+ Ke7 103. d6+ Kxd6 
104. g7 Rb8 105. Rg4 Rg8 106. Kf6 Kd5 107. Kf7 Ra8 108. g8=Q Rxg8 109. Rxg8 Kc4 
110. Rd8 Kc3 111. Ke6 Kc4 112. Ke5 Kc3 113. Rd4 Kb2 114. Rc4 Ka2 115. Ke4 Kb2 
116. Kd4 Kb3 117. Kd3 Kb2 118. Rb4+ Ka3 119. Kc3 Ka2 120. Ra4+ Kb1 121. Ra3 Kc1 
122. Ra1# 1-0

[Event "Friday 19 January Rapid Engine Tour 12+1 Rounds 9 Starts 1600 ST"]
[Site "Infinity Chess"]
[Date "2018.1.19"]
[Round "3"]
[White "Marsell"]
[Black "KRAKEN"]
[Result "1/2-1/2"]
[ECO "C53"]
[WhiteElo "2495"]
[BlackElo "2481"]
[WhiteEngine "asmFishW_2018-01-11_popcnt"]
[BlackEngine "Raubfisch ME262_GTZ16b3._CTG"]
[EventType "Swiss"]
[WhiteTeam ""]
[BlackTeam ""]
[PlyCount "100"]
[TimeControl "720+1"]

1. e4 e5 2. Nf3 Nc6 3. Bc4 Bc5 4. c3 Nf6 5. d3 O-O 6. O-O d6 7. h3 a6 8. Re1 Ba7 
9. Bb3 h6 10. Nbd2 Re8 11. Nf1 Be6 12. Bc2 d5 13. Qe2 b5 14. Bd2 Qd7 15. Ng3 d4 
16. a4 Bc5 17. Rec1 Qd6 18. Nh4 Ne7 19. Qe1 Rab8 20. b4 Bb6 21. Nf3 dxc3 
22. Bxc3 Nc6 23. Rab1 Rbd8 24. Qf1 Ba7 25. Qe2 Bb6 26. Qe1 Ba7 27. Bd2 Nd4 
28. Nxd4 Bxd4 29. axb5 axb5 30. Bb3 Ra8 31. Bxe6 fxe6 32. Be3 Ra2 33. Bxd4 Qxd4 
34. Rxc7 Rf8 35. Ne2 Qxd3 36. Nc3 Rd2 37. Rd1 Rxd1 38. Qxd1 Qxd1+ 39. Nxd1 Nxe4 
40. f3 Rd8 41. Ne3 Nd6 42. Rc5 e4 43. fxe4 Nxe4 44. Rxb5 Rd4 45. Ng4 Kf7 
46. Rb7+ Kg6 47. Ne5+ Kf6 48. Ng4+ Kg6 49. Ne5+ Kf6 50. Ng4+ Kg6 1/2-1/2

[Event "Friday 19 January Rapid Engine Tour 12+1 Rounds 9 Starts 1600 ST"]
[Site "Infinity Chess"]
[Date "2018.1.19"]
[Round "3"]
[White "Dovahkiin"]
[Black "MGR"]
[Result "1/2-1/2"]
[ECO ""]
[WhiteElo "2441"]
[BlackElo "2474"]
[WhiteEngine "BrainFish_180113_x64_modern_CTG"]
[BlackEngine "asmFishW_2017-11-19_bmi2"]
[EventType "Swiss"]
[WhiteTeam ""]
[BlackTeam ""]
[PlyCount "53"]
[TimeControl "720+1"]

1. e3 d5 2. d3 e5 3. d4 e4 4. c4 c6 5. Nc3 Nf6 6. Qb3 a6 7. c5 Nbd7 8. Na4 Be7 
9. Bd2 O-O 10. Ne2 Rb8 11. h3 Re8 12. Nf4 Qc7 13. Be2 h6 14. Qc2 Bd8 15. g4 b5 
16. cxb6 Nxb6 17. Nc5 Qa7 18. O-O-O Nbd7 19. Na4 g5 20. Nh5 Nxh5 21. gxh5 Nb6 
22. Nc5 a5 23. Rdf1 Nd7 24. Na4 Nb6 25. Nc5 Nd7 26. Na4 Nb6 27. Nc5 1/2-1/2

[Event "Friday 19 January Rapid Engine Tour 12+1 Rounds 9 Starts 1600 ST"]
[Site "Infinity Chess"]
[Date "2018.1.19"]
[Round "3"]
[White "xeonrocks"]
[Black "neófito"]
[Result "1-0"]
[ECO "C58"]
[WhiteElo "2533"]
[BlackElo "2469"]
[WhiteEngine "asmFishW_CTG"]
[BlackEngine "asmFishW_2018-01-12_bmi2"]
[EventType "Swiss"]
[WhiteTeam ""]
[BlackTeam ""]
[PlyCount "225"]
[TimeControl "720+1"]

1. e4 e5 2. Nf3 Nc6 3. Bc4 Nf6 4. Ng5 d5 5. exd5 Na5 6. Bb5+ c6 7. dxc6 bxc6 
8. Bd3 Nd5 9. h4 h6 10. Qh5 Qf6 11. Ne4 Qe6 12. Ng5 Qf6 13. Ne4 Qe7 14. Be2 Rb8 
15. d3 g6 16. Qf3 Bg7 17. g4 O-O 18. Nbc3 Rd8 19. g5 h5 20. Nxd5 cxd5 
21. Nf6+ Kh8 22. c3 Nb7 23. Nxd5 Qe6 24. Nf6 Nd6 25. Ne4 a5 26. b3 Bb7 
27. Qh3 Nf5 28. f3 Kg8 29. O-O Qb6+ 30. Kh1 Rd7 31. Qh2 Rbd8 32. Rd1 a4 
33. b4 Ba6 34. Qg1 Qb8 35. Qf1 Nxh4 36. Be3 Nf5 37. Bf2 Bc8 38. Rab1 Rb7 
39. Bc5 Bf8 40. Bxf8 Kxf8 41. Qf2 Ng7 42. Bf1 Bf5 43. Nc5 Re7 44. b5 Ne6 
45. Nxe6+ Bxe6 46. c4 Rd4 47. Re1 Bf5 48. b6 Bd7 49. c5 Bc6 50. Re4 Kg8 
51. Kg1 Rd8 52. Qe3 Qc8 53. a3 Rd5 54. Rf4 Re6 55. Rfb4 Qb7 56. Re4 Qd7 
57. Kh2 Qe7 58. Rc4 Qb7 59. Re4 Qe7 60. Rc4 Qb7 61. Rbb4 Kg7 62. Rc2 Re7 
63. Re4 Re8 64. Rcc4 Qa8 65. d4 exd4 66. Rcxd4 Rxe4 67. Rxe4 Qb8+ 68. f4 Qd8 
69. b7 Bxb7 70. c6 Rd2+ 71. Kg1 Bxc6 72. Qc3+ Kh7 73. Qxc6 Qa5 74. Be2 Ra2 
75. Qe8 Qc5+ 76. Kg2 Qf5 77. Kf2 h4 78. Rd4 Rc2 79. Qxa4 Qc5 80. Qd7 Kg7 
81. Qd6 Qxd6 82. Rxd6 h3 83. Rd3 h2 84. Rh3 Rc3 85. Rxh2 Rxa3 86. Rh6 Rc3 
87. Bb5 Rb3 88. Bf1 Rb1 89. Bd3 Rc1 90. Rh2 Rc6 91. Ke3 Re6+ 92. Be4 Rb6 
93. Ra2 Kf8 94. Kd4 Ke7 95. f5 Rb4+ 96. Ke5 Rb5+ 97. Bd5 Rb1 98. f6+ Kd7 
99. Ra7+ Kc8 100. Kd6 Rb6+ 101. Bc6 Rb4 102. Ra8+ Rb8 103. Ra4 Rb3 104. Rh4 Rd3+ 
105. Bd5 Kb8 106. Ra4 Rxd5+ 107. Kxd5 Kb7 108. Rb4+ Kc7 109. Rb2 Kd7 
110. Rb7+ Kd8 111. Kc6 Kc8 112. Rb1 Kd8 113. Rb8# 1-0